Map: Fortezza segreta

Players

enlar

  • Race: Protoss Protoss
  • Spawn Location: 12:00

Harv

  • Race: Protoss Protoss
  • Spawn Location: 9:00

RaptorSnip

  • Race: Protoss Protoss
  • Spawn Location: 3:00

johnyy

  • Race: Protoss Protoss
  • Spawn Location: 12:00

Paladin - Winner!

  • Race: Zerg Zerg
  • Spawn Location: 6:00

Stargamer - Winner!

  • Race: Terran Terran
  • Spawn Location: 5:00

ronnel - Winner!

  • Race: Protoss Protoss
  • Spawn Location: 6:00

Jhyrachy - Winner!

  • Race: Zerg Zerg
  • League: Silver
  • Spawn Location: 7:00

VOD

Have the link to the VOD?

Description

Time

  • Played on: Dec. 26, 2015, 8:59 a.m.
  • Length: 17:18
Show
View Real Time Build Order
Export as new Build Order

enlar Protoss 

Build Orders:  

Get SALT Encoding   

  12  0:02  Probe (Chrono Boost)  
  13  0:16  Probe (Chrono Boost)  
  14  0:22  Pylon  
  14  0:26  Probe (Chrono Boost)  
  15  0:45  Gateway  
  15  0:47  Probe (Chrono Boost)  
  16  0:56  Gateway  
  16  0:59  Probe (Chrono Boost)  
  17  1:08  Pylon  
  17  1:17  Assimilator  
  17  1:24  Gateway  
  17  1:32  Gateway  
  17  1:40  Probe (Chrono Boost)  
  17  1:44  Zealot  
  20  1:51  Probe (Chrono Boost)  
  21  2:03  Probe (Chrono Boost)  
  22  2:16  Forge, Zealot  
  22  2:18  Zealot  
  26  2:26  Assimilator  
  26  2:27  Zealot  
  28  2:37  Pylon  
  28  2:49  Protoss Ground Weapons Level 1 (Chrono Boost)  
  28  2:57  Cybernetics Core  
  30  2:58  Zealot  
  30  3:07  Probe (Chrono Boost)  
  31  3:18  Probe (Chrono Boost)  
  32  3:24  Zealot x2  
  32  3:25  Zealot  
  38  3:28  Probe (Chrono Boost)  
  39  3:57  Pylon  
  39  4:01  Twilight Council  
  39  4:03  Pylon  
  39  4:15  Zealot  
  41  4:31  Stalker  
  41  4:32  Stalker  
  41  4:34  Stalker  
  41  4:36  Protoss Ground Armor Level 1 (Chrono Boost)  
  47  5:05  Nexus  
  47  5:08  Zealot  
  49  5:15  Charge (Chrono Boost)  
  49  5:44  Stalker x2  
  49  5:47  Stalker  
  55  6:25  Protoss Shields Level 1 (Chrono Boost)  
  43  6:50  Stalker (Chrono Boost)  
  43  6:53  Stalker x3 (Chrono Boost)  
  51  7:22  Photon Cannon  
  51  7:27  Probe  
  52  7:32  Probe  
  53  7:37  Probe  
  54  7:44  Probe  
  54  7:48  Probe  
  56  7:56  Probe  
  57  7:58  Probe  
  58  8:08  Probe  
  58  8:09  Probe, Stalker (Chrono Boost)  
  68  8:13  Stalker x3 (Chrono Boost)  
  68  8:20  Probe  
  69  8:49  Probe  
  70  9:07  Stalker (Chrono Boost)  
  70  10:02  Nexus  
  70  10:09  Assimilator  
  70  10:14  Assimilator  
  70  10:18  Pylon  
  70  10:22  Pylon  
  70  10:23  Probe  
  70  10:25  Probe  
  70  10:27  Stalker x2 (Chrono Boost)  
  70  10:32  Stalker (Chrono Boost)  
  70  10:34  Probe  
  70  10:37  Mothership Core  
  70  10:40  Stalker (Chrono Boost)  
  75  10:45  Probe  
  76  10:54  Stalker (Chrono Boost)  
  76  10:55  Probe, Stalker (Chrono Boost)  
  80  10:57  Stalker (Chrono Boost)  
  83  11:05  Protoss Ground Weapons Level 2 (Chrono Boost)  
  83  11:06  Probe, Stalker (Chrono Boost)  
  86  11:16  Probe  
  86  11:18  Probe  
  87  11:22  Stalker x2  
  87  11:23  Probe  
  93  11:25  Stalker  
  93  11:27  Probe  
  93  11:28  Probe  
  97  11:35  Probe  
  97  11:36  Stalker  
  97  11:37  Probe  
  101  12:03  Pylon  
  101  12:06  Pylon  
  101  12:11  Pylon  
  101  12:19  Probe x2  
  101  12:20  Stalker  
  101  12:21  Probe  
  102  12:30  Probe  
  102  12:33  Probe  
  82  12:40  Probe  
  74  12:45  Probe  
  51  13:07  Protoss Ground Armor Level 2 (Chrono Boost)  
  49  13:19  Stalker  
  41  13:26  Gateway  
  29  13:28  Gateway  
  29  13:31  Gateway  
  27  13:35  Gateway  
  27  13:38  Gateway  
  27  13:41  Gateway  
  27  13:49  Stalker  
  22  14:19  Stalker (Chrono Boost)  
  24  14:28  Stalker x4 (Chrono Boost)  
  24  14:29  Stalker (Chrono Boost)  
  24  14:30  Stalker (Chrono Boost)  
  36  14:47  Stalker  
  33  14:54  Stalker (Chrono Boost)  
  33  14:56  Stalker x3 (Chrono Boost)  
  33  14:58  Stalker (Chrono Boost)  
  36  15:03  Stalker (Chrono Boost)  
  36  15:06  Blink (Chrono Boost)  
  35  15:07  Probe  
  35  15:19  Probe  
  35  15:21  Stalker (Chrono Boost)  
  38  15:27  Stalker (Chrono Boost)  
  38  15:28  Stalker x3 (Chrono Boost)  
  48  15:29  Stalker (Chrono Boost)  
  48  15:31  Probe  
  49  15:38  Stalker (Chrono Boost)  
  51  15:43  Mothership Core  
  51  15:49  Stalker (Chrono Boost)  
  55  16:19  Stalker (Chrono Boost)  
  55  16:33  Photon Cannon  
  55  16:36  Photon Cannon  
  55  16:39  Photon Cannon  
  55  16:47  Photon Cannon  
Show
View Real Time Build Order
Export as new Build Order

Harv Protoss 

Build Orders:  

Get SALT Encoding   

  12  0:01  Probe (Chrono Boost)  
  13  0:15  Pylon  
  13  0:18  Probe (Chrono Boost)  
  15  0:28  Probe (Chrono Boost)  
  15  0:38  Gateway  
  15  0:39  Probe (Chrono Boost)  
  16  0:50  Probe (Chrono Boost), Pylon  
  17  0:57  Assimilator  
  17  1:00  Probe (Chrono Boost)  
  19  1:11  Probe (Chrono Boost)  
  19  1:15  Gateway  
  19  1:22  Probe (Chrono Boost)  
  20  1:28  Cybernetics Core  
  20  1:36  Assimilator, Probe (Chrono Boost)  
  21  1:48  Probe (Chrono Boost)  
  22  1:59  Pylon  
  22  2:04  Stalker x2  
  22  2:07  Probe (Chrono Boost)  
  27  2:11  Warp Gate (Chrono Boost)  
  27  2:23  Pylon  
  27  2:25  Probe  
  28  2:34  Stalker  
  30  2:40  Stalker  
  32  2:54  Forge  
  32  3:04  Stalker  
  34  3:10  Stalker  
  36  3:39  Photon Cannon  
  36  3:49  Protoss Ground Weapons Level 1 (Chrono Boost)  
  36  3:51  Nexus  
  36  4:00  Photon Cannon  
  36  4:15  Zealot  
  36  4:16  Zealot  
  33  4:38  Probe  
  34  4:50  Probe  
  35  5:02  Probe  
  36  5:14  Probe  
  37  5:27  Stalker x2  
  41  5:29  Probe  
  41  5:31  Probe  
  43  5:41  Probe  
  43  5:42  Probe  
  41  5:53  Probe  
  38  6:03  Probe  
  38  6:07  Stalker x2  
  38  6:11  Protoss Ground Armor Level 1 (Chrono Boost), Probe  
  44  6:14  Probe  
  45  6:23  Probe  
  45  6:24  Probe  
  40  6:32  Stalker x2  
  40  6:35  Probe  
  45  6:47  Photon Cannon  
  43  7:07  Stalker x2  
  43  7:10  Probe  
  42  7:20  Probe  
  42  7:21  Probe, Twilight Council  
  44  7:31  Probe  
  45  7:53  Stalker x2  
  45  7:55  Protoss Shields Level 1 (Chrono Boost)  
  45  7:58  Blink (Chrono Boost)  
  49  8:00  Probe  
  49  8:05  Probe  
  50  8:10  Assimilator  
  50  8:12  Probe  
  46  8:15  Assimilator, Probe  
  45  8:26  Probe  
  45  8:32  Stalker x2  
  48  8:39  Gateway  
  44  8:42  Gateway  
  44  8:59  Stalker x2  
  48  9:21  Probe  
  45  9:33  Probe  
  38  9:45  Probe  
  39  9:47  Stalker x3  
  39  9:49  Stalker  
  47  9:53  Gateway  
  47  9:56  Gateway  
  47  9:57  Probe  
  47  9:58  Protoss Ground Weapons Level 2 (Chrono Boost)  
  48  10:04  Gateway  
  48  10:09  Probe  
  49  10:15  Stalker x3  
  49  10:17  Stalker  
  57  10:27  Pylon  
  57  10:28  Pylon  
  57  10:30  Nexus  
  57  10:33  Pylon  
  57  10:48  Stalker x3  
  63  11:15  Stalker x5  
  63  11:17  Stalker  
  75  11:39  Stalker  
  77  11:40  Stalker x3  
  83  12:09  Stalker x5  
  93  12:18  Protoss Ground Armor Level 2 (Chrono Boost)  
  93  12:37  Pylon x2  
  93  12:39  Pylon  
  93  12:40  Pylon  
  93  12:42  Pylon x2  
  55  13:08  Stalker x3  
  55  13:09  Stalker x3  
  55  13:11  Stalker  
  53  13:24  Probe  
  54  13:27  Probe  
  55  13:35  Assimilator  
  55  13:36  Probe  
  55  13:38  Assimilator  
  56  13:52  Stalker x5  
  56  13:53  Stalker  
  56  13:54  Stalker  
  70  14:08  Gateway  
  70  14:09  Gateway  
  54  14:10  Gateway  
  54  14:11  Gateway  
  54  14:16  Stalker x3  
  54  14:17  Stalker x4  
  52  14:27  Gateway  
  52  14:28  Gateway  
Show
View Real Time Build Order
Export as new Build Order

RaptorSnip Protoss 

Build Orders:  

Get SALT Encoding   

  12  0:02  Probe (Chrono Boost)  
  13  0:13  Probe (Chrono Boost)  
  14  0:19  Pylon  
  14  0:23  Probe (Chrono Boost)  
  15  0:38  Probe (Chrono Boost)  
  15  0:39  Gateway  
  16  0:47  Assimilator  
  16  0:48  Probe (Chrono Boost)  
  17  0:59  Pylon  
  17  1:00  Probe (Chrono Boost)  
  19  1:11  Probe (Chrono Boost)  
  19  1:15  Gateway  
  19  1:30  Probe (Chrono Boost)  
  19  1:31  Cybernetics Core  
  20  1:35  Zealot  
  22  1:52  Pylon  
  22  1:55  Gateway  
  22  2:02  Zealot  
  24  2:11  Mothership Core (Chrono Boost)  
  24  2:13  Zealot  
  28  2:20  Warp Gate (Chrono Boost)  
  28  2:24  Assimilator  
  28  2:29  Probe (Chrono Boost)  
  29  2:32  Zealot  
  31  2:45  Stalker  
  31  2:47  Pylon  
  33  2:55  Stalker  
  35  3:09  Stalker  
  37  3:31  Stalker  
  37  3:33  Stalker  
  41  3:40  Forge  
  41  3:50  Probe  
  43  4:02  Probe  
  43  4:26  Protoss Ground Weapons Level 1  
  43  4:34  Probe  
  43  4:37  Nexus  
  44  4:39  Stalker  
  44  4:45  Pylon  
  46  4:51  Pylon  
  46  5:29  Pylon  
  46  5:44  Probe  
  46  5:46  Stalker x2  
  46  5:47  Stalker  
  53  5:56  Probe  
  54  6:08  Probe  
  54  6:09  Photon Cannon  
  51  6:11  Photon Cannon  
  51  6:16  Photon Cannon  
  51  6:20  Photon Cannon  
  51  6:21  Probe  
  42  6:33  Probe  
  42  6:34  Robotics Facility  
  43  6:45  Probe  
  44  6:47  Twilight Council  
  44  6:58  Pylon, Stalker x2  
  49  7:22  Probe  
  49  7:24  Blink  
  49  7:34  Assimilator, Probe  
  49  7:36  Assimilator  
  50  7:47  Probe  
  50  7:48  Observer  
  52  7:51  Pylon  
  52  7:57  Stalker x2  
  52  7:58  Stalker  
  58  7:59  Probe  
  59  8:11  Probe  
  60  8:18  Pylon  
  59  8:41  Stalker x3  
  44  9:26  Stalker x3  
  40  9:58  Pylon  
  40  10:01  Pylon  
  40  10:03  Pylon  
  40  10:06  Stalker  
  40  10:07  Gateway, Stalker x2  
  44  10:08  Protoss Ground Weapons Level 2, Gateway  
  44  10:10  Gateway  
  44  10:12  Gateway  
  46  10:19  Probe  
  47  10:23  Nexus  
  47  10:32  Probe  
  48  10:44  Probe  
  48  10:49  Observer  
  50  10:56  Probe  
  49  11:16  Probe  
  50  11:26  Stargate  
  50  11:28  Probe, Stargate  
  50  11:31  Stargate  
  51  11:40  Probe  
  52  11:52  Probe  
  53  12:08  Stalker x3  
Show
View Real Time Build Order
Export as new Build Order

johnyy Protoss 

Build Orders: Mass Adepts 

Get SALT Encoding   

  12  0:01  Probe (Chrono Boost)  
  13  0:12  Probe (Chrono Boost)  
  14  0:22  Probe (Chrono Boost)  
  14  0:24  Pylon  
  15  0:42  Probe (Chrono Boost)  
  16  0:47  Gateway  
  16  0:53  Assimilator, Probe (Chrono Boost)  
  17  1:03  Probe (Chrono Boost)  
  18  1:08  Gateway  
  18  1:19  Assimilator  
  18  1:22  Probe (Chrono Boost)  
  19  1:31  Pylon  
  19  1:32  Probe (Chrono Boost)  
  20  1:40  Cybernetics Core  
  20  1:47  Probe (Chrono Boost)  
  21  1:57  Probe (Chrono Boost)  
  22  2:02  Gateway  
  22  2:11  Gateway  
  22  2:17  Warp Gate (Chrono Boost)  
  22  2:19  Adept  
  24  2:47  Adept  
  24  2:49  Pylon  
  26  2:59  Probe  
  26  3:03  Pylon  
  27  3:06  Pylon  
  27  3:08  Pylon  
  27  3:15  Pylon  
  27  3:30  Adept  
  27  3:31  Adept x2  
  33  3:45  Pylon  
  33  4:09  Stalker  
  34  4:10  Stalker x3  
  40  4:33  Adept  
  40  4:34  Adept x3  
  48  4:58  Adept x3  
  54  5:00  Zealot  
  56  5:35  Stalker x4  
  50  6:22  Stalker  
  50  6:23  Stalker x3  
  54  6:38  Mothership Core  
  55  6:48  Stalker  
  55  6:49  Stalker x2  
  61  8:11  Pylon  
  61  8:15  Nexus  
  55  8:32  Pylon  
  55  9:07  Pylon  
  55  9:12  Pylon  
  55  9:13  Pylon  
  55  9:14  Pylon  
  55  9:18  Pylon  
  55  9:22  Pylon  
  55  9:25  Pylon  
  41  9:53  Cybernetics Core  
  41  9:57  Forge  
  41  10:15  Probe  
  36  10:26  Probe  
  35  10:36  Probe  
  36  10:44  Photon Cannon  
  36  10:47  Probe  
  37  10:55  Photon Cannon  
  37  10:57  Probe  
  37  10:59  Photon Cannon  
  37  11:02  Photon Cannon  
  38  11:05  Photon Cannon  
  38  11:08  Probe x2, Photon Cannon  
  40  11:18  Probe x2  
  40  11:23  Photon Cannon  
  42  11:29  Probe  
  43  11:39  Probe  
  43  11:43  Stalker x2  
  43  11:44  Stalker  
  50  11:50  Assimilator, Probe  
  51  11:54  Assimilator  
  51  12:02  Protoss Shields Level 1  
  51  14:02  Stalker x2  
  55  14:03  Stalker x2  
  32  15:29  Stalker  
Show
View Real Time Build Order
Export as new Build Order

Paladin Zerg - Winner!

Build Orders: Hatch First 

Get SALT Encoding   

  12  0:05  Drone  
  13  0:09  Drone  
  14  0:37  Hatchery  
  14  0:41  Overlord  
  13  0:47  Drone  
  14  0:57  Extractor  
  13  1:00  Drone x2  
  16  1:04  Drone  
  16  1:20  Spawning Pool  
  16  1:24  Drone  
  16  1:28  Drone  
  17  1:37  Drone  
  18  1:50  Drone  
  19  1:55  Overlord  
  19  2:07  Metabolic Boost  
  19  2:09  Queen  
  19  2:15  Queen  
  21  2:18  Drone  
  21  2:20  Drone  
  25  2:26  Drone  
  26  2:32  Spine Crawler  
  26  2:33  Drone  
  26  2:34  Drone  
  27  2:39  Zergling x2  
  27  2:40  Zergling x2  
  29  2:48  Zergling x2  
  30  2:54  Spore Crawler, Zergling x2  
  30  2:58  Zergling x2  
  30  2:59  Zergling x2  
  30  3:02  Overlord  
  30  3:05  Zergling x2  
  33  3:19  Zergling x6  
  36  3:21  Zergling x2  
  37  3:28  Zergling x4  
  37  3:29  Zergling x6  
  42  3:34  Overlord  
  42  3:41  Extractor  
  41  3:42  Extractor  
  41  3:45  Lair  
  40  3:50  Drone  
  40  3:51  Drone x2  
  40  3:52  Drone x2  
  38  4:31  Roach Warren  
  28  4:51  Hydralisk Den  
  27  5:02  Zergling x8  
  27  5:03  Zergling x2  
  32  5:08  Zergling x10  
  37  5:17  Roach x2  
  37  5:18  Roach x2  
  31  5:32  Roach  
  31  5:49  Roach x3  
  39  5:50  Roach x2  
  39  6:06  Hatchery  
  30  6:33  Roach x3  
  30  6:34  Roach x2  
  30  6:39  Overlord  
  40  6:52  Glial Reconstitution  
  36  7:13  Hatchery  
  35  7:21  Queen  
  37  7:23  Drone  
  37  7:29  Muscular Augments  
  38  7:36  Drone  
  39  7:40  Extractor, Drone  
  39  7:41  Drone  
  40  7:45  Drone  
  41  8:02  Evolution Chamber  
  40  8:05  Evolution Chamber  
  40  8:09  Roach x2  
  27  8:22  Roach x2  
Show
View Real Time Build Order
Export as new Build Order

Stargamer Terran - Winner!

Build Orders: MMM Bio 

Get SALT Encoding   

  12  0:01  SCV  
  13  0:14  SCV  
  14  0:19  Supply Depot  
  14  0:26  SCV  
  15  0:41  SCV  
  16  0:44  Barracks  
  16  0:49  Refinery  
  16  0:53  SCV  
  17  1:05  SCV  
  18  1:12  Barracks  
  18  1:20  SCV  
  18  1:21  Refinery  
  19  1:32  Supply Depot  
  19  1:44  Orbital Command  
  19  1:48  Marine  
  20  2:04  Factory  
  20  2:05  Barracks Tech Lab  
  20  2:13  Barracks Reactor, Engineering Bay  
  20  2:17  SCV  
  21  2:29  SCV  
  22  2:32  Marauder  
  24  2:41  SCV  
  25  2:46  Missile Turret  
  25  2:52  Supply Depot  
  25  2:59  Factory Tech Lab  
  25  3:00  Starport  
  25  3:01  SCV  
  26  3:14  Marine x2  
  26  3:16  Marauder  
  30  3:30  Siege Tank  
  30  3:33  SCV  
  34  3:51  Command Center  
  34  3:58  SCV  
  34  4:01  Starport Reactor  
  35  4:21  SCV  
  36  4:34  Marauder, Marine  
  39  4:49  Marine  
  39  5:02  Supply Depot  
  39  5:03  Siege Tank, Supply Depot x2  
  39  5:04  Supply Depot  
  39  5:05  Supply Depot  
  42  5:09  Orbital Command  
  42  5:16  Medivac x2  
  46  5:32  SCV  
  47  5:44  SCV  
  46  5:58  Liberator x2  
  46  6:11  SCV x2  
  46  6:12  Marine  
  46  6:13  Marauder, Marine  
  46  6:17  Siege Tank  
  50  6:23  SCV x2  
  50  6:24  Terran Infantry Weapons Level 1, Barracks, Stimpack  
  52  6:26  Barracks  
  52  6:35  SCV x2  
  52  6:38  Marauder, Marine x2  
  58  6:56  Marine x2  
  58  6:57  Medivac  
  58  6:59  Marine  
  63  7:09  SCV x2  
  65  7:15  Refinery  
  65  7:16  Refinery  
  65  7:21  Barracks Reactor, SCV  
  66  7:22  Barracks Reactor  
  66  7:24  Marine x2  
  66  7:25  Marauder  
  70  7:35  Command Center  
  70  7:37  Medivac  
  70  7:41  Marine  
  70  7:42  Marine  
  74  8:05  SCV x2  
  76  8:09  Marine  
  76  8:10  Marine x5  
  76  8:11  Marauder  
  84  8:15  Siege Tank  
  87  8:24  Combat Shields  
  81  8:55  Marine x3  
  81  8:56  Marine  
  81  8:58  Orbital Command  
  85  9:08  Liberator  
  85  9:09  Liberator  
  82  9:20  SCV x2  
  82  9:23  Marauder, Marine x5  
  82  9:24  Marine  
  98  9:32  SCV  
  86  9:39  SCV x2  
  86  9:41  Marine x2  
  86  9:44  Marauder, SCV  
  75  9:46  Siege Tank  
  75  9:51  Liberator x2  
  66  9:55  Terran Infantry Armor Level 1  
  66  9:56  Barracks  
  66  9:57  Barracks  
  66  9:58  SCV, Barracks  
  67  10:00  SCV x2  
  69  10:10  SCV  
  75  10:27  Marauder  
  75  10:28  Marine x6  
  81  10:46  Marine x2  
  81  10:47  Barracks Reactor  
  81  10:48  Barracks Tech Lab x2  
  81  10:49  Marauder  
  85  10:50  Marine x4  
  85  10:51  Medivac x2  
  85  10:56  Siege Tank  
  96  11:00  Starport  
  96  11:01  Starport  
  96  11:03  Marine  
  96  11:04  Marine  
  98  11:08  Marine  
  99  11:21  Medivac x2  
  103  11:27  SCV x3  
  103  11:32  Siege Tank  
  109  11:39  Marine x2  
  117  11:40  Marauder x3  
  117  11:43  Supply Depot  
  117  11:44  Supply Depot  
  117  11:45  Starport Reactor  
  117  11:46  Supply Depot x3, Starport Reactor  
  117  12:00  Medivac  
  116  12:02  Medivac  
  116  12:04  Marauder  
  116  12:05  Marauder  
  116  12:07  Supply Depot x2  
  110  12:17  Liberator  
  110  12:18  Liberator x4  
  105  12:28  SCV x2  
  101  12:31  Marauder x3, Marine x5  
  101  12:32  Marine x3  
  122  12:49  Marine x2  
  112  12:52  Marauder x2  
  111  13:03  Refinery x2  
  109  13:09  Marauder  
  109  13:10  Marine x5  
  109  13:11  Marine x3  
  119  13:13  Marauder x2, Medivac  
  119  13:17  Medivac x2  
  119  13:19  Siege Tank  
  132  13:24  Concussive Shells  
  132  13:28  Marine x4  
  132  13:31  Marauder  
  138  13:35  Marauder  
  131  14:10  Liberator x2  
  128  14:22  Marauder x3, Marine  
  128  14:23  Marine x7  
  148  14:32  Hellion  
  150  14:40  Marine  
  150  14:41  Refinery  
  150  14:42  Command Center, Refinery  
  150  14:43  Marauder x3  
  157  14:53  Hellion  
  159  15:12  Marauder x3  
  159  15:13  Marine x4  
  159  15:14  Marine x4  
  173  15:27  SCV x3  
  176  15:30  Marine  
  176  15:31  Marine x3  
  176  15:32  Marine x4  
  176  15:33  Marauder x2  
  176  15:34  Marauder  
  190  15:47  Medivac  
  190  15:48  Marine, Medivac x3  
  195  16:05  Marauder x3  
  200  16:16  Planetary Fortress  
  200  16:58  Armory  
Show
View Real Time Build Order
Export as new Build Order

ronnel Protoss - Winner!

Build Orders:  

Get SALT Encoding   

  12  0:03  Probe (Chrono Boost)  
  13  0:18  Pylon  
  13  0:19  Probe (Chrono Boost)  
  14  0:29  Probe (Chrono Boost)  
  14  0:30  Assimilator  
  15  0:40  Probe (Chrono Boost)  
  16  0:49  Gateway  
  16  0:50  Probe (Chrono Boost)  
  17  1:01  Probe (Chrono Boost)  
  17  1:04  Assimilator  
  19  1:11  Probe (Chrono Boost)  
  19  1:19  Forge  
  19  1:22  Probe (Chrono Boost)  
  20  1:32  Probe (Chrono Boost)  
  21  1:35  Pylon  
  21  1:48  Probe (Chrono Boost)  
  21  1:50  Cybernetics Core  
  22  2:01  Photon Cannon  
  22  2:03  Probe (Chrono Boost)  
  23  2:14  Probe (Chrono Boost)  
  24  2:24  Probe (Chrono Boost)  
  24  2:26  Pylon  
  25  2:32  Stargate  
  25  2:35  Mothership Core (Chrono Boost)  
  27  2:50  Photon Cannon  
  27  2:54  Probe (Chrono Boost)  
  28  2:59  Photon Cannon  
  28  3:04  Probe (Chrono Boost)  
  29  3:08  Protoss Air Weapons Level 1  
  29  3:15  Probe (Chrono Boost)  
  30  3:32  Probe (Chrono Boost)  
  30  3:33  Fleet Beacon  
  31  3:53  Pylon  
  31  3:54  Probe (Chrono Boost)  
  32  4:09  Nexus  
  32  4:14  Pylon  
  38  4:36  Assimilator  
  38  4:42  Photon Cannon  
  38  4:51  Void Ray  
  42  5:04  Probe (Chrono Boost)  
  42  5:05  Photon Cannon  
  43  5:10  Protoss Air Armor Level 1  
  43  5:21  Assimilator  
  43  5:23  Probe (Chrono Boost)  
  44  5:47  Probe (Chrono Boost), Stargate  
  44  5:49  Stargate  
  45  5:53  Probe (Chrono Boost)  
  46  6:03  Probe (Chrono Boost)  
  47  6:14  Probe (Chrono Boost)  
  48  6:34  Void Ray x2  
  48  6:37  Probe (Chrono Boost)  
  57  6:45  Nexus  
  57  6:48  Probe (Chrono Boost)  
  58  6:58  Probe (Chrono Boost), Pylon  
  59  7:02  Pylon  
  59  7:03  Photon Cannon  
  59  7:05  Photon Cannon  
  59  7:09  Probe (Chrono Boost)  
  60  7:16  Void Ray  
  60  7:17  Protoss Air Armor Level 2  
  64  7:26  Twilight Council  
  64  7:29  Pylon  
  64  7:32  Assimilator, Pylon  
  64  7:34  Probe (Chrono Boost)  
  64  7:36  Assimilator  
  65  7:45  Probe (Chrono Boost), Pylon  
  65  7:47  Pylon  
  66  7:55  Probe (Chrono Boost)  
  67  8:05  Photon Cannon  
  67  8:06  Probe (Chrono Boost), Photon Cannon  
  56  8:23  Mothership Core (Chrono Boost)  
  56  8:25  Void Ray x2  
  56  8:26  Void Ray  
  58  8:31  Probe (Chrono Boost)  
  59  8:41  Cybernetics Core, Probe (Chrono Boost)  
  59  8:43  Protoss Shields Level 1  
  60  8:52  Probe (Chrono Boost)  
  67  9:03  Photon Cannon  
  67  9:04  Photon Cannon  
  67  9:16  Void Ray x2  
  75  9:22  Protoss Air Weapons Level 2  
  75  9:31  Probe (Chrono Boost)  
  76  9:34  Probe (Chrono Boost)  
  77  9:41  Probe (Chrono Boost)  
  77  9:44  Probe (Chrono Boost)  
  79  9:48  Stargate  
  79  9:50  Pylon  
  79  9:52  Probe (Chrono Boost)  
  80  9:53  Pylon  
  80  9:56  Pylon  
  80  9:57  Void Ray  
  84  10:02  Probe (Chrono Boost)  
  85  10:13  Probe (Chrono Boost)  
  86  10:14  Stargate  
  86  10:15  Stargate  
  86  10:33  Tempest x2  
  94  10:41  Protoss Air Armor Level 3  
  94  10:55  Probe (Chrono Boost)  
  95  11:02  Void Ray x2  
  103  11:06  Probe (Chrono Boost)  
  104  11:17  Probe (Chrono Boost)  
  105  11:18  Protoss Shields Level 2  
  105  11:19  Nexus  
  105  11:29  Pylon  
  105  11:31  Pylon  
  105  11:33  Pylon  
  105  11:37  Pylon  
  105  11:38  Void Ray  
  109  11:41  Assimilator  
  109  11:44  Tempest  
  109  11:45  Assimilator  
  113  11:55  Photon Cannon  
  113  11:58  Photon Cannon  
  113  12:01  Photon Cannon  
  113  12:45  Void Ray x3  
  113  12:46  Void Ray x3  
  113  12:49  Protoss Air Weapons Level 3  
  109  13:07  Mothership Core (Chrono Boost)  
  109  13:12  Probe (Chrono Boost)  
  96  13:22  Probe (Chrono Boost)  
  97  13:28  Void Ray x2  
  97  13:33  Probe (Chrono Boost)  
  112  13:41  Void Ray  
  112  13:44  Probe (Chrono Boost)  
  117  13:54  Probe (Chrono Boost)  
  118  14:05  Tempest, Void Ray  
  126  14:16  Pylon  
  126  15:12  Void Ray x2  
  126  15:13  Void Ray x4  
  150  15:31  Nexus  
  150  15:58  Assimilator  
  150  16:03  Assimilator  
  150  16:27  Void Ray x3  
  150  16:28  Void Ray x3  
Show
View Real Time Build Order
Export as new Build Order

Jhyrachy Zerg - Winner!

Build Orders: Hatch First 

Get SALT Encoding   

  12  0:06  Drone  
  13  0:10  Drone  
  14  0:17  Overlord  
  14  0:36  Drone x2  
  16  0:43  Drone  
  17  0:51  Drone  
  18  1:09  Extractor  
  17  1:11  Drone  
  17  1:14  Hatchery  
  17  1:20  Spawning Pool  
  17  1:22  Drone  
  17  1:27  Drone  
  18  1:37  Drone  
  19  1:46  Drone  
  20  1:53  Extractor  
  19  1:54  Drone  
  20  2:09  Queen  
  22  2:25  Drone  
  22  2:26  Overlord  
  23  2:36  Queen  
  25  2:41  Drone  
  27  2:44  Drone x2  
  27  2:46  Overlord  
  28  2:54  Lair  
  28  3:00  Drone  
  28  3:03  Drone x3  
  32  3:07  Extractor  
  32  3:09  Extractor, Drone x2  
  32  3:30  Drone  
  32  3:31  Drone x4  
  37  3:44  Drone x3  
  40  4:06  Drone x4  
  40  4:08  Overlord x2  
  44  4:17  Spire  
  44  4:21  Spire  
  44  4:23  Drone x2  
  44  4:30  Drone  
  45  4:41  Drone  
  45  4:42  Drone x3  
  49  4:49  Overlord x3  
  49  5:30  Mutalisk x6  
  49  5:31  Mutalisk x3  
  65  5:45  Mutalisk x4  
  39  6:20  Hatchery  
  22  7:32  Drone x2  
  22  7:33  Drone x4  
  18  9:54  Drone x3  
Tags
 
Add a new tag
Caveats
  • Supply blocks, unpowered buildings, or Contaminate may cause inaccurate times.
  • Supply counts are checked every 10 seconds.